 Dungeon Crawl Stone Soup version 0.20-a0-969-g3f209a8 (webtiles) character file.

196 AlphabetPasta the Grasshopper (level 5, -1/42 HPs)
             Began as a Demigod Warper on Apr 8, 2017.
             Slain by a wyvern zombie (12 damage)
             ... on level 4 of the Dungeon.
             The game lasted 00:17:45 (4011 turns).

AlphabetPasta the Grasshopper (Demigod Warper)      Turns: 4011, Time: 00:17:46

Health: -1/42      AC:  9    Str: 16    XL:     5   Next: 21%
Magic:  20/20      EV: 12    Int: 17    God:
Gold:   190        SH:  0    Dex: 15    Spells: 1/8 levels left

rFire    . . .     SeeInvis .   a - +1 hand axe
rCold    . . .     Gourm    .   (no shield)
rNeg     . . .     Faith    .   r - +3 leather armour
rPois    .         Spirit   .   g - +2 helmet
rElec    .         Reflect  .   (no cloak)
rCorr    .         Harm     .   (no gloves)
MR       .....                  (no boots)
Stlth    +.........             (no amulet)
Regen    0.2/turn               j - ring of magical power
MPRegen  0.2/turn               (no ring)

@: no status effects
A: high mp 1
a: no special abilities


You were on level 4 of the Dungeon.
You were hungry.

You visited 1 branch of the dungeon, and saw 4 of its levels.

You collected 190 gold pieces.

Inventory:

Hand Weapons
 a - a +1 hand axe (weapon)
Missiles
 e - 5 tomahawks of dispersal (quivered)
 i - 47 bolts
 k - a throwing net
Armour
 b - a +0 leather armour
 g - a +2 helmet (worn)
 o - a +0 helmet
 r - a +3 leather armour (worn)
Jewellery
 j - a ring of magical power (left hand)
Scrolls
 d - a scroll of blinking
 h - a scroll of amnesia
 n - 4 scrolls of magic mapping
Potions
 l - 4 potions of might
 p - a potion of berserk rage {unknown}
 q - 2 potions of haste {unknown}
Books
 c - a book of Spatial Translocations

   Spells                             Type                      Level
   a - Blink                          Translocation                2
   b - Shroud of Golubria             Charms/Translocation         2
   c - Lesser Beckoning               Translocation                3
   d - Gell's Gravitas                Translocation                3
   e - Teleport Other                 Translocation                3
   f - Passage of Golubria            Translocation                4
Comestibles
 f - a bread ration
 s - a meat ration
 v - 3 fruits


   Skills:
 + Level 2.3 Fighting
 * Level 3.3 Axes
 - Level 1.3 Throwing
 + Level 1.3 Armour
 + Level 2.3 Dodging
 + Level 2.2 Spellcasting
 * Level 3.5 Translocations


You had one spell level left.
You knew the following spells:

 Your Spells              Type           Power        Failure   Level  Hunger
a - Blink                 Tloc           N/A          10%         2    ###....
b - Shroud of Golubria    Chrm/Tloc      #.........   21%         2    ###....
c - Gell's Gravitas       Tloc           ##........   17%         3    ###....


Dungeon Overview and Level Annotations

Branches:
Dungeon (4/15)
 Temple: D:4-7


Innate Abilities, Weirdness & Mutations

You have an increased reservoir of magic. (+10% MP)


Message History

The wyvern zombie bites you.
You hit the wyvern zombie.
The wyvern zombie is moderately damaged.
The wyvern zombie bites you but does no damage.
You hit the wyvern zombie.
The wyvern zombie is moderately damaged.
The wyvern zombie closely misses you. The wyvern zombie bites you.
You hit the wyvern zombie but do no damage.
The wyvern zombie is moderately damaged.
The wyvern zombie bites you.
You hit the wyvern zombie.
The wyvern zombie is heavily damaged.
The wyvern zombie bites you! x2
* * * LOW HITPOINT WARNING * * *
You feel much better. The wyvern zombie bites you!
* * * LOW HITPOINT WARNING * * *
You hit the wyvern zombie but do no damage.
The wyvern zombie is heavily damaged.
The wyvern zombie bites you!
You die...

#.........# ..
#.........#
#.).......#
#.........#
#.........#
#######.........###
..................#
.........#####..(.#
.......@.# #....#
......Z..# #....#
.........# #....#
.........# #....#
..$......# #....#
.........# #....#
.........# #....#
.######### #....#
######


You could see a wyvern zombie.

Vanquished Creatures
  Natasha (D:4)
  A worker ant (D:4)
  A gnoll (D:1)
  5 adders
  An adder skeleton (D:4)
  2 worms (D:2)
  2 dart slugs (D:1)
  A leopard gecko (D:3)
  6 giant cockroaches
  8 goblins
  5 hobgoblins
  8 jackals
  2 quokkas
  15 bats
  5 frilled lizards
  8 kobolds
  5 rats
76 creatures vanquished.

Vanquished Creatures (others)
  A human (D:3)
1 creature vanquished.

Grand Total: 77 creatures vanquished

Notes
Turn   | Place    | Note
-------+----------+-------------------------------------------
     0 | D:1      | AlphabetPasta the Demigod Warper began the quest for the Orb.
     0 | D:1      | Reached XP level 1. HP: 17/17 MP: 5/5
    14 | D:1      | Reached skill level 1 in Throwing
   216 | D:1      | Reached XP level 2. HP: 19/24 MP: 7/7
   220 | D:1      | Learned a level 2 spell: Blink
   223 | D:1      | Learned a level 2 spell: Shroud of Golubria
   236 | D:1      | Reached skill level 1 in Armour
   748 | D:1      | Reached XP level 3. HP: 28/29 MP: 8/8
   789 | D:2      | Learned a level 2 spell: Shroud of Golubria
   840 | D:2      | Found a faded altar of an unknown god.
  1365 | D:2      | Found a bloodstained altar of Trog.
  1712 | D:2      | Reached XP level 4. HP: 29/36 MP: 9/9
  1720 | D:2      | Learned a level 3 spell: Gell's Gravitas
  3079 | D:3      | Found an ancient bone altar of Kikubaaqudgha.
  3080 | D:3      | Noticed a human
  3083 | D:3      | Killed a human
  3263 | D:4      | Noticed Natasha
  3278 | D:4      | Killed Natasha
  3279 | D:4      | Reached XP level 5. HP: 5/41 MP: 9/11
  3596 | D:4      | Noticed an ogre
  3763 | D:4      | Noticed a phantom
  4011 | D:4      | Slain by a wyvern zombie

Vault maps used:
D:1:      lightli_arrival_chessboard
D:2:      chequers_ecumenical_altar_simple, trog_hazing_becter
D:3:      tgw_kikubaaqudgha
D:4:      minmay_stone_trees_small, serial_bayou_pond_c, uniq_natasha,
          uniq_pikel

Skill      XL: |  1  2  3  4 |
---------------+-------------+-----
Throwing       | 1 |  1.3
Axes           | 2 3 |  3.3
Fighting       | 2 |  2.3
Armour         | 1 |  1.3
Dodging        | 2 |  2.3
Spellcasting   | 2 |  2.2
Translocations | 3 |  3.5

Action                   |  1- 3 |  4- 6 || total
-------------------------+-------+-------++-------
Melee: Hand axe          |   181 |   137 ||   318
 Cast: Shroud of Golubri |     1 |     1 ||     2
  Use: Scroll            |     7 |     6 ||    13
       Potion            |     1 |     3 ||     4
 Stab: Sleeping          |     3 |     1 ||     4
       Invisible         |       |     1 ||     1
  Eat: Chunk             |     3 |     4 ||     7
       Royal jelly       |       |     1 ||     1
       Fruit             |       |     1 ||     1
Armor: Leather armour    |    63 |    58 ||   121
Dodge: Dodged            |   144 |   111 ||   255
